 Dungeon Crawl Stone Soup version 0.21.1-1-g345015f (webtiles) character file.

312 poirepourri the Cudgeler (level 6, -6/37 HPs)
             Began as a Gargoyle Fighter on July 13, 2018.
             Killed by divine providence
             ... invoked by an orc priest
              (11 damage)
             ... on level 3 of the Dungeon.
             The game lasted 00:03:08 (3113 turns).

poirepourri the Cudgeler (Gargoyle Fighter)         Turns: 3113, Time: 00:03:10

Health: -6/37      AC: 11    Str: 18 (19) XL:     6   Next: 42%
Magic:  6/6        EV:  7    Int:  8 (9)  God:
Gold:   137        SH:  8    Dex:  9 (11) Spells: 5/5 levels left

rFire    . . .     SeeInvis .   a - +0 flail
rCold    . . .     Gourm    +   c - +0 shield
rNeg     + . .     Faith    .   b - +0 scale mail
rPois    ∞         Spirit   .   (no helmet)
rElec    +         Reflect  .   (no cloak)
rCorr    .         Harm     .   (no gloves)
MR       .....                  (no boots)
Stlth    ..........             g - amulet of the gourmand
HPRegen  0.12/turn              l - ring of loudness
MPRegen  0.10/turn              (no ring)

@: no status effects
A: negative energy resistance 1, electricity resistance, unbreathing,
petrification resistance, rot immunity, AC +4
a: no special abilities


You were on level 3 of the Dungeon.
You were not hungry.

You visited 1 branch of the dungeon, and saw 3 of its levels.

You collected 137 gold pieces.

Inventory:

Hand Weapons
 a - a +0 flail (weapon)
Missiles
 i - 7 tomahawks (quivered)
Armour
 b - a +0 scale mail (worn)
 c - a +0 shield (worn)
Jewellery
 g - an amulet of the gourmand (around neck)
 l - a ring of loudness (left hand)
Comestibles
 f - 5 rations


   Skills:
 - Level 3.2 Fighting
 + Level 6.6 Maces & Flails
 - Level 3.2 Armour
 - Level 3.2 Shields


You had 5 spell levels left.
You didn't know any spells.

Dungeon Overview and Level Annotations

Branches:
Dungeon (3/15)

Altars:
Ashenzari
Nemelex Xobeh

Annotations:
D:3 Grinder


Innate Abilities, Weirdness & Mutations

You are resistant to torment.
Your stone body is resilient. (AC +4)
You are immune to poison.
You resist negative energy. (rN+)
You are resistant to electric shocks. (rElec)
You can survive without breathing.
You are immune to petrification.
You are immune to rotting.


Message History

Unknown command.
You aren't carrying any potions.
You aren't carrying any potions.
Unknown command.
Okay, then.
Press: ? - help, v - describe, . - travel The floor.
You aren't carrying any items that you can evoke.
You closely miss the orc.
The orc is severely wounded.
You block the orc's attack.
The orc wizard hits you but does no damage.
The orc hits you with a falchion.
* * * LOW HITPOINT WARNING * * *
The orc hits you but does no damage.
Unknown command.
You closely miss the orc.
The orc priest calls down the wrath of Beogh upon you.
Beogh smites you!
You die...

#.# #.# #.# #.#
###.####.###############
....##........#........#
....##........#........# #######
..............#........# #......
............# #........# #......
......####'####........# #......
......'.......'o@......####......
......####)####ooo...............
......####.#####'#####.####.....#
.................................
..###........#....####.####......
..###.............####.##.......#
[......................##.......#
?................................
#.....##...<.###'###........>+###


You could see an orc priest, an orc wizard and 2 orcs.

Vanquished Creatures
  Sigmund (D:2)
  Terence (D:2)
  3 adders
  An ooze (D:3)
  3 worms
  4 dart slugs (D:1)
  6 orcs (D:3)
  2 ball pythons
  6 giant cockroaches
  4 goblins
  8 hobgoblins
  3 jackals (D:1)
  A quokka (D:3)
  9 bats
  4 frilled lizards
  5 kobolds
  11 rats
72 creatures vanquished.

Notes
Turn   | Place    | Note
-------+----------+-------------------------------------------
     0 | D:1      | poirepourri the Gargoyle Fighter began the quest for the Orb.
     0 | D:1      | Reached XP level 1. HP: 14/14 MP: 1/1
    97 | D:1      | Reached XP level 2. HP: 19/19 MP: 2/2
   106 | D:1      | Found a shattered altar of Ashenzari.
   145 | D:1      | Reached skill level 3 in Maces & Flails
   270 | D:1      | Reached XP level 3. HP: 21/23 MP: 3/3
   969 | D:2      | Noticed Sigmund
   985 | D:2      | Killed Sigmund
   985 | D:2      | Reached skill level 5 in Maces & Flails
   985 | D:2      | Reached XP level 4. HP: 9/28 MP: 4/4
   985 | D:2      | Reached XP level 5. HP: 10/32 MP: 5/5
  1110 | D:2      | Reached skill level 6 in Maces & Flails
  1168 | D:2      | Found a sparkling altar of Nemelex Xobeh.
  1481 | D:2      | Reached XP level 6. HP: 37/37 MP: 6/6
  1493 | D:2      | Noticed Terence
  1540 | D:2      | Killed Terence
  2461 | D:3      | Noticed Grinder
  3113 | D:3      | Killed from afar by an orc priest

Skill      XL: |  1  2  3  4  5 |
---------------+----------------+-----
Maces & Flails | 3 5 6 |  6.6
Fighting       | |  3.2
Armour         | |  3.2
Shields        | |  3.2

Action                   |  1- 3 |  4- 6 || total
-------------------------+-------+-------++-------
Melee: Flail             |   134 |   206 ||   340
  Use: Potion            |     1 |     3 ||     4
       Scroll            |       |    10 ||    10
  Eat: Ration            |       |     3 ||     3
Armor: Scale mail        |   142 |    87 ||   229
Dodge: Dodged            |    73 |    82 ||   155
Block: Shield            |   135 |   107 ||   242
